 Dungeon Crawl Stone Soup version 0.22-a0-409-gb855193 (webtiles) character file.

115 theanonym the Caller (level 4, -10/30 HPs)
             Began as a Mummy Summoner on May 10, 2018.
             Killed by divine providence
             ... invoked by an orc priest
              (13 damage)
             ... on level 2 of the Dungeon.
             The game lasted 00:04:24 (2214 turns).

theanonym the Caller (Mummy Summoner)               Turns: 2214, Time: 00:04:25

Health: -10/30     AC:  5    Str: 11    XL:     4   Next: 68%
Magic:  2/10       EV: 11    Int: 15    God:
Gold:   130        SH:  0    Dex: 12    Spells: 8/11 levels left

rFire    x . .     SeeInvis .   f - +0 hand axe (curse)
rCold    + . .     Gourm    .   (no shield)
rNeg     + + +     Faith    .   j - +0 leather armour (curse)
rPois    ∞         Spirit   .   g - +0 helmet
rElec    .         Reflect  .   (no cloak)
rCorr    .         Harm     .   c - +0 pair of gloves
MR       .....                  (no boots)
Stlth    +.........             (no amulet)
HPRegen  0.10/turn              (no ring)
MPRegen  0.12/turn              (no ring)

@: no status effects
A: no food or potions, fire vulnerability, cold resistance 1, negative energy
resistance 3, torment resistance, unbreathing
a: no special abilities


Innate Abilities, Weirdness & Mutations

You do not eat or drink.
Your flesh is vulnerable to fire.
You are immune to poison.
Your flesh is cold resistant. (rC+)
You are immune to negative energy. (rN+++)
You are immune to unholy pain and torment.
You can survive without breathing.


   Skills:
 - Level 1.5 Dodging
 - Level 1.5 Stealth
 + Level 4.1 Spellcasting
 * Level 4.5 Summonings


You had 8 spell levels left.
You knew the following spells:

 Your Spells              Type           Power        Failure   Level  Hunger
a - Summon Small Mammal   Summ           ###.         3%          1    N/A
b - Call Imp              Summ           ###.....     5%          2    N/A

Skill      XL: |  1  2  3  4 |
---------------+-------------+-----
Spellcasting   | 3 4 |  4.1
Summonings     | 4 |  4.5
Dodging        | |  1.5
Stealth        | |  1.5

Action                   |  1- 3 |  4- 6 || total
-------------------------+-------+-------++-------
Melee: Short sword       |    17 |       ||    17
       Hand axe          |    67 |    25 ||    92
       Unarmed           |     3 |       ||     3
 Cast: Summon Small Mamm |     7 |       ||     7
       Call Imp          |    20 |     6 ||    26
  Use: Scroll            |       |     3 ||     3
 Stab: Sleeping          |     2 |       ||     2
       Distracted        |     1 |       ||     1
Armor: Robe              |    30 |       ||    30
       Leather armour    |     4 |     9 ||    13
Dodge: Dodged            |    87 |    20 ||   107

Inventory:

Hand Weapons
 b - a +0 short sword
   (You took it off a kobold on level 1 of the Dungeon)
 f - a cursed +0 hand axe (weapon)
   (You found it on level 1 of the Dungeon)
Armour
 a - a +0 robe
 c - a +0 pair of gloves (worn)
   (You found it on level 1 of the Dungeon)
 g - a +0 helmet (worn)
   (You found it on level 1 of the Dungeon)
 j - a cursed +0 leather armour (worn)
   (You found it on level 2 of the Dungeon)
Scrolls
 n - a scroll of remove curse


You were on level 2 of the Dungeon.
You were not hungry.

You visited 1 branch of the dungeon, and saw 2 of its levels.

You collected 130 gold pieces.

Dungeon Overview and Level Annotations

Branches:
Dungeon (2/15)

Altars:
Makhleb

...#######..# #..# #..
............#####... ...
...#<#.##..........#..##.
...#...##o..#####..#..(..
.........>o.....#.....l..
#..............§....K.#
#.###.......o.§§#)# #.#
###.#...#.###o# #.#
#.#.....5o@.# #.# #.#...#.#####
..# #.#...#.# # ###
#.......##### #.
#########....§...####.##### ##
#..........≈≈§§≈.≈≈≈≈§.!).# #.
#.##...##..≈####'####≈#.#.# ###.
#.##.......##≈≈≈†§§§###.#.###...
#.#.....#..#⌠≈.....≈⌠##.........


You could see an orc priest, an orc and a friendly crimson imp.

Notes
Turn   | Place    | Note
-------+----------+-------------------------------------------
     0 | D:1      | theanonym the Mummy Summoner began the quest for the Orb.
     0 | D:1      | Reached XP level 1. HP: 13/13 MP: 4/4
    77 | D:1      | HP: 6/13 [bat (1)]
   358 | D:1      | Reached skill level 3 in Spellcasting
   473 | D:1      | Reached XP level 2. HP: 19/19 MP: 6/6
   477 | D:1      | Learned a level 2 spell: Call Imp
  1144 | D:2      | Reached XP level 3. HP: 24/24 MP: 3/7
  1222 | D:2      | HP: 11/24 [adder (2)]
  1225 | D:2      | Reached skill level 4 in Summonings
  1227 | D:2      | HP: 8/24 [jackal (1)]
  1233 | D:1      | HP: 6/24 [jackal (3)]
  1951 | D:2      | Found a burning altar of Makhleb.
  1959 | D:2      | HP: 12/24 [adder (2)]
  1962 | D:2      | Reached XP level 4. HP: 10/30 MP: 3/9
  2197 | D:2      | HP: 15/30 [orc/club (3)]
  2204 | D:2      | HP: 15/30 [worker ant (1)]
  2209 | D:2      | Reached skill level 4 in Spellcasting
  2209 | D:2      | HP: 9/30 [frilled lizard (3)]
  2213 | D:2      | HP: 3/30 [orc priest/hand axe (3)]
  2214 | D:2      | Killed from afar by an orc priest

Vanquished Creatures
  An orc wizard (D:2)
  A worker ant (D:2)
  2 orcs (D:2)
  A ball python (D:2)
  2 giant cockroaches
  A goblin (D:2)
  3 hobgoblins
  A jackal (D:1)
  4 bats
  2 frilled lizards (D:2)
  3 kobolds
  3 rats
24 creatures vanquished.

Vanquished Creatures (collateral kills)
  A hound zombie (D:2)
  5 adders (D:2)
  2 worms (D:2)
  A goblin (D:1)
  2 hobgoblins
  6 jackals
  2 kobolds
  A rat (D:1)
20 creatures vanquished.

Grand Total: 44 creatures vanquished

Table legend:
 A = Turns spent in this place as a percentage of turns spent in the entire game.
 B = Non-inter-level travel turns spent in this place as a percentage of non-inter-level travel turns spent in the entire game.
 C = Inter-level travel turns spent in this place as a percentage of turns spent in this place.
 D = Turns resting spent in this place as a percentage of non-inter-level travel turns spent in this place.
 E = Turns spent auto-exploring this place as a percentage of non-inter-level travel turns spent in this place.
 F = Non-inter-level travel turns spent in this place divided by the number of levels of this place that you've seen.
                   A       B       C       D       E      F
               +-------+-------+-------+-------+-------+----------------------
         Total | 100.0 | 100.0 |   4.5 |  52.8 |  29.8 | 1057.0
       Dungeon | 100.0 | 100.0 |   4.5 |  52.8 |  29.8 | 1057.0
               +-------+-------+-------+-------+-------+----------------------
